 Dungeon Crawl Stone Soup version 0.31-a0-774-g0d66cbabe8 (webtiles) character file.

Game seed: 16831434028126404884

48 Bravepunisher the Ducker (level 3, 0/20 HPs)
             Began as a Spriggan Monk on Sept 17, 2023.
             Slain by an adder (2 damage)
             ... on level 6 of the Dungeon.
             The game lasted 00:04:16 (1011 turns).

Bravepunisher the Ducker (Spriggan Monk)            Turns: 1011, Time: 00:04:16

Health: 0/20       AC:  2    Str:  7    XL:     3   Next: 50%
Magic:  4/4        EV: 20    Int: 11    God:
Gold:   38         SH:  0    Dex: 19    Spells: 2/2 levels left

rFire   . . .        a - +0 short sword
rCold   + . .        (no shield)
rNeg    + + .        b - +0 robe
rPois   +            (helmet restricted)
rElec   +            (no cloak)
rCorr   .            (gloves unavailable)
SInv    +            (boots unavailable)
Will    .....        (no amulet)
Stlth   +            e - ring "Keas Zea" {rElec rPois rC+ rN++ Stlth-}
HPRegen 0.23/turn    (no ring)
MPRegen 0.09/turn

%: no passive effects
@: very quick
A: very small, no large weapons, unfitting armour, see invisible, speed 3
a: no special abilities


You were on level 6 of the Dungeon.
You visited 1 branch of the dungeon, and saw 7 of its levels.

You collected 38 gold pieces.

Inventory:

Hand Weapons
 a - a +0 short sword (weapon)
Armour
 b - a +0 robe (worn)
 d - an orb of light
Jewellery
 e - the ring "Keas Zea" (left hand) {rElec rPois rC+ rN++ Stlth-}
   (You acquired it on level 6 of the Dungeon)

   [ring of protection from cold]

   rC+:       It protects you from cold.
   rElec:     It insulates you from electricity.
   rPois:     It protects you from poison rN++: It greatly protects you from
   negative energy.
   Stlth-:    It makes you less stealthy.
Wands
 i - a wand of light (10)
Scrolls
 h - 2 scrolls of fog
Potions
 c - a potion of ambrosia
 f - a potion of attraction {unknown}
 g - a potion of mutation {unknown}


   Skills:
 * Level 3.3 Fighting
 - Level 3.2 Short Blades
 + Level 4.8 Dodging


You had 2 spell levels left.
You didn't know any spells.
Your spell library was empty.

Dungeon Overview and Level Annotations

Branches:
Dungeon (7/15)
 Temple: D:4-7

Altars:
Nemelex Xobeh
Wu Jian
The Shining One

Shops:
D:6 *


Innate Abilities, Weirdness & Mutations

You are very small and have problems with some larger weapons.
You are too small for most types of armour.
You have supernaturally acute eyesight. (SInv)
You cover ground extremely quickly. (Speed+++)


Message History

You kill the ball python!
As you read the scroll labelled RUISAI UCRIS, it dissolves into smoke.
It was a scroll of fog.
The scorpion stings you!
Unknown command.
The scorpion completely misses you.
The white imp shouts, "Scamper home, thou puking dizzy-eyed tiddler!"
The white imp closely misses you. The scorpion completely misses you.
The orc wizard misses you. The orc priest closely misses you.
You closely miss the orc priest.
The orc wizard mumbles some strange words.
The orc wizard flickers and vanishes for a moment.
The orc wizard misses you. The white imp completely misses you.
The orc priest hits you with a +0 club.
* * * LOW HITPOINT WARNING * * *
The adder closely misses you.
You hit the adder.
The adder is lightly wounded.
The adder completely misses you. The orc wizard misses you.
The white imp completely misses you. The orc priest barely misses you.
You hit the adder.
The adder is lightly wounded.
The adder completely misses you.
The orc wizard hits you with a +0 dagger.
* * * LOW HITPOINT WARNING * * *
The white imp puffs mist at you. The white imp gestures at you.
The puff of frost misses you. The orc priest hits you with a +0 club.
* * * LOW HITPOINT WARNING * * *
You hit the adder.
The adder is heavily wounded.
The adder barely misses you. The white imp misses you.
The orc wizard misses you.
Unknown command.
You barely miss the adder.
The adder is heavily wounded.
The orc priest closely misses you. The adder misses you.
You closely miss the adder.
The adder is heavily wounded.
The adder bites you.
You die...

# ##..#... ..#
##..####. ..####
#..## ##
...#######.##
#.#g..##..###
#oo.∩so.o...#
##g#...#o.....#
#So#####.........
#@os§§###.o.....!
#.5§§§§##..o.....
#..§§§§##........
#.§§§§§###.......
#.§§§§§§# ......
##§§§§§.#
##....## ##...#
#####


You could see a scorpion, an orc priest, 2 orc wizards, 2 gnolls, an adder, a
white imp and an orc.

Vanquished Creatures
  A hound (D:4)
  An ufetubus (D:5)
  An orc (D:4)
  3 ball pythons
  An endoplasm (D:1)
  2 hobgoblins
  3 kobolds
  A rat (D:1)
13 creatures vanquished.

Notes
Turn   | Place    | Note
-------+----------+-------------------------------------------
     0 | D:1      | Bravepunisher the Spriggan Monk began the quest for the
                  | Orb.
     0 | D:1      | Reached XP level 1. HP: 11/11 MP: 2/2
   344 | D:3      | Found a glowing golden altar of the Shining One.
   376 | D:4      | Found a sparkling altar of Nemelex Xobeh.
   498 | D:4      | Reached XP level 2. HP: 13/16 MP: 3/3
   582 | D:5      | Entered Level 5 of the Dungeon
   640 | D:4      | Found an ornate altar of the Wu Jian Council.
   693 | D:4      | Reached XP level 3. HP: 8/20 MP: 4/4
   982 | D:6      | Noticed a scorpion
   984 | D:6      | Found Zuimun's Serpentskin Sales.
   996 | D:6      | Identified a scroll of acquirement
   996 | D:6      | Acquired the ring "Keas Zea" {rElec rPois rC+ rN++ Stlth-}
  1011 | D:6      | Slain by an adder

Illustrated notes

Levels and vault maps discovered:
D:1:      nicolae_arrival_somewhat_less_tricky_arrival, layout_loops_corners
D:2:      layout_basic, minmay_tree_intersection
D:3:      layout_loops_cross, general_overflow_altar, serial_shops,
          nicolae_shop_overgrown_old_shop, nicolae_shop_stone,
          shapermc_ecumenical_altar_venn, uniq_sigmund, uniq_terence
D:4:      layout_basic, mainiacjoe_overflow_alcove_1,
          nemelex_spade_bored_becter, minmay_misc_feat_chi
D:5:      layout_loops_ring, lemuel_doored_altar, minmay_temple_entry_glass,
          dk_rats_in_the_wall
D:6:      layout_cave_pods, led_sif_book, guppyfry_shop_venom
D:7:      layout_rooms, nicolae_overflow_crystal_walls, serial_shops,
          nicolae_shop_pleasant_corner_grove, nicolae_shop_real_fake_doors,
          minmay_manual_mullet, uniq_duvessa

Skill      XL: |  1  2 |
---------------+-------+-----
Fighting       | 3 |  3.3
Short Blades   | |  3.2
Dodging        | |  4.8

Action                     || total
---------------------------++-------
  Melee: Short sword       ||    70
    Use: Scroll            ||     2
 Armour: Robe              ||    24
  Dodge: Dodged            ||    74

Table legend: (Time is in decaauts)
 A = Elapsed time spent in this place.
 B = Non-inter-level travel time spent in this place.
 C = Inter-level travel time spent in this place.
 D = Time resting spent in this place.
 E = Time spent auto-exploring this place.
 F = Levels seen in this place.
 G = Mean time per level.
                   A        B        C        D        E       F      G
               +--------+--------+--------+--------+--------+-----+--------+
         Total |    699 |    689 |     10 |      0 |    391 |   7 |   99.9 |
       Dungeon |    699 |    689 |     10 |      0 |    391 |   7 |   99.9 |
               +--------+--------+--------+--------+--------+-----+--------+

Top non-repeatable levels by time:
     D:4: 332 daAuts
     D:1: 176 daAuts
     D:6: 82 daAuts
     D:3: 59 daAuts
     D:5: 39 daAuts
     D:2: 5 daAuts
     D:7: 3 daAuts
